Map: Catalyst LE

Players

Lambo - Winner!

  • Race: Zerg Zerg
  • Spawn Location: 11:00

Namshar

  • Race: Zerg Zerg
  • Spawn Location: 5:00

Event: WCS Leipzig 2018

VOD

Have the link to the VOD?

Description

Time

  • Played on: Jan. 26, 2018, 10:09 a.m.
  • Length: 6:44

All games in this series

Show
View Real Time Build Order
Export as new Build Order

Lambo Zerg - Winner!

Build Orders: Hatch First 

Get SALT Encoding   

  12  0:01  Drone  
  13  0:12  Overlord  
  13  0:17  Drone  
  14  0:31  Drone x2  
  16  0:36  Drone  
  17  0:53  Hatchery  
  17  0:55  Drone  
  17  0:58  Drone  
  18  1:10  Extractor  
  17  1:13  Spawning Pool  
  17  1:16  Drone  
  17  1:19  Drone  
  18  1:28  Drone  
  19  1:40  Overlord  
  19  1:49  Drone  
  20  1:59  Queen  
  20  2:00  Drone  
  23  2:05  Drone, Queen  
  26  2:11  Drone  
  27  2:18  Drone  
  28  2:25  Drone  
  29  2:31  Drone  
  29  2:35  Lair  
  30  2:38  Overlord  
  30  2:40  Queen  
  30  2:41  Drone  
  30  2:44  Drone  
  34  2:48  Drone  
  35  2:55  Drone  
  36  2:59  Drone, Evolution Chamber  
  35  3:06  Drone x2  
  35  3:12  Extractor  
  36  3:14  Drone  
  36  3:15  Roach Warren  
  36  3:16  Drone x2  
  38  3:31  Zerg Missile Weapons Level 1  
  38  3:32  Overlord  
  38  3:51  Queen  
  38  3:52  Overlord  
  40  3:58  Roach  
  40  3:59  Roach x4, Glial Reconstitution  
  40  4:02  Queen  
  52  4:04  Overlord  
  52  4:07  Overlord  
  52  4:12  Roach  
  52  4:16  Roach x2  
  58  4:21  Roach  
  58  4:23  Roach  
  62  4:26  Roach  
  64  4:31  Roach  
  64  4:36  Roach  
  68  4:41  Roach  
  68  4:44  Roach  
  72  4:48  Roach  
  72  4:49  Queen  
  72  4:50  Overlord  
  76  5:05  Overlord  
  76  5:10  Roach x4  
  76  5:12  Overlord  
  82  5:31  Roach x5  
  82  5:35  Roach  
  84  5:40  Roach  
  80  5:45  Roach  
  78  5:50  Roach  
  78  5:54  Roach  
  74  6:02  Roach  
  72  6:04  Roach  
  72  6:15  Roach x2  
  72  6:20  Roach x2  
Show
View Real Time Build Order
Export as new Build Order

Namshar Zerg 

Build Orders: Hatch First 

Get SALT Encoding   

  12  0:00  Drone  
  13  0:12  Overlord  
  13  0:17  Drone  
  14  0:30  Drone x2  
  14  0:34  Drone  
  17  0:51  Hatchery  
  17  0:53  Drone  
  17  0:57  Drone  
  18  1:06  Extractor  
  17  1:12  Spawning Pool  
  17  1:15  Drone  
  17  1:18  Drone  
  18  1:27  Drone  
  19  1:37  Overlord  
  19  1:49  Drone  
  20  1:59  Zergling x2, Queen  
  23  2:03  Queen  
  23  2:04  Zergling x2  
  26  2:10  Drone  
  26  2:14  Drone  
  28  2:21  Drone  
  29  2:26  Drone  
  30  2:35  Hatchery  
  29  2:39  Drone  
  29  2:43  Overlord  
  30  2:46  Drone  
  30  2:47  Drone  
  32  2:53  Drone  
  32  2:57  Drone  
  34  3:05  Drone  
  34  3:08  Queen  
  34  3:09  Overlord  
  36  3:14  Drone  
  36  3:15  Drone x2  
  36  3:18  Overlord  
  39  3:21  Drone  
  39  3:22  Drone, Evolution Chamber  
  39  3:24  Drone  
  39  3:25  Drone  
  42  3:30  Drone  
  42  3:38  Lair, Roach Warren  
  41  3:44  Drone x3  
  41  3:48  Zerg Missile Weapons Level 1  
  44  3:50  Drone x2  
  44  3:53  Drone  
  47  3:56  Drone x2  
  47  3:59  Drone, Extractor x2  
  48  4:03  Drone  
  48  4:06  Drone  
  48  4:08  Drone x2  
  52  4:14  Overlord  
  52  4:17  Drone x2  
  52  4:19  Overlord  
  56  4:24  Roach x3  
  56  4:26  Roach  
  56  4:30  Roach x2  
  66  4:32  Overlord  
  66  4:38  Roach  
  68  4:39  Spine Crawler, Roach  
  73  4:45  Roach x2  
  73  4:50  Roach x2  
  77  4:54  Ravager  
  77  4:58  Roach  
  77  4:59  Roach  
  82  5:01  Overlord x2  
  82  5:02  Overlord  
  82  5:08  Glial Reconstitution  
  82  5:12  Overlord  
  82  5:22  Roach x3  
  82  5:24  Roach x4  
  96  5:28  Roach  
  85  5:38  Roach x3  
  81  5:42  Roach  
  81  5:48  Roach  
  81  5:49  Roach  
  73  6:00  Roach x2  
  73  6:01  Roach x2  
  69  6:08  Roach x3  
  65  6:11  Roach  
  65  6:18  Roach  
  65  6:19  Roach  
  65  6:24  Roach  
Tags
 
Add a new tag
Caveats
  • Supply blocks, unpowered buildings, or Contaminate may cause inaccurate times.
  • Supply counts are checked every 10 seconds.